 Dungeon Crawl Stone Soup version 0.30-a0-605-gb2882149bf (webtiles) character file.

Game seed: 8719903458602198695

148 gelatine the Shooter (level 5, -4/39 HPs)
             Began as a Demonspawn Hunter on Jan 7, 2023.
             Killed by divine providence
             ... invoked by an orc priest
              (16 damage)
             ... on level 4 of the Dungeon.
             The game lasted 00:04:04 (2105 turns).

gelatine the Shooter (Demonspawn Hunter)            Turns: 2105, Time: 00:04:05

Health: -4/39      AC:  5    Str: 11    XL:     5   Next: 8%
Magic:  5/5        EV: 12    Int: 10    God:
Gold:   158        SH:  0    Dex: 19    Spells: 4/4 levels left

rFire   . . .      SeeInvis .    a - +0 shortbow
rCold   . . .      Faith    .    (shield currently unavailable)
rNeg    . . .      Spirit   .    e - +0 ring mail
rPois   .          Reflect  .    (helmet restricted)
rElec   .          Harm     .    (no cloak)
rCorr   .          Rampage  .    (no gloves)
Will    .....                    (no boots)
Stlth   ++                       (no amulet)
HPRegen 0.26/turn                (no ring)
MPRegen 0.09/turn                (no ring)

@: about to teleport
A: horns 2, sturdy frame 1
a: no special abilities


You were on level 4 of the Dungeon.
You visited 1 branch of the dungeon, and saw 4 of its levels.

You collected 158 gold pieces.

Inventory:

Hand Weapons
 a - a +0 shortbow (weapon)
Armour
 e - a +0 ring mail (worn)
Scrolls
 b - a scroll of immolation
 c - 2 scrolls of fog {unknown}
 d - a scroll of torment {unknown}
 g - 3 scrolls of teleportation
 i - 2 scrolls of noise {unknown}
 j - 2 scrolls of identify
 l - 2 scrolls of amnesia {unknown}
 m - a scroll of poison {unknown}
Potions
 f - a potion of lignification
 h - a potion of curing
 k - a potion of invisibility {unknown}
 n - a potion of brilliance {unknown}
 o - a potion of resistance {unknown}


   Skills:
 * Level 2.5 Fighting
 * Level 5.0 Ranged Weapons
 * Level 1.2 Armour
 * Level 2.2 Dodging
 + Level 1.5 Stealth


You had 4 spell levels left.
You didn't know any spells.
Your spell library was empty.

Dungeon Overview and Level Annotations

Branches:
Dungeon (4/15)             Temple (0/1) D:4

Altars:

Shops:
D:4 (


Innate Abilities, Weirdness & Mutations

You have a pair of horns on your head.
Your movements are slightly less encumbered by armour. (ER -2)


Message History

You kill the scorpion!
You feel very sick. The orc misses you. Something hits you but does no damage.
Your Ranged Weapons skill increases to level 5!
You have reached level 5!
Your demonic ancestry asserts itself...
The horns on your head grow some more.
You shoot an arrow. The arrow closely misses the orc.
The arrow hits the orc.
The orc is almost dead.
You feel sick. The orc hits you but does no damage.
Something hits you but does no damage.
You shoot an arrow. The arrow barely misses the orc.
The arrow hits the orc but does no damage.
The orc is almost dead.
You feel sick. Something hits you.
The orc priest looks braver for a moment.
The orc hits you with a +0 hand axe.
You shoot an arrow.
The arrow closely misses the orc. x2; You feel sick.
You hear some strange, mumbled words.
Something tries to affect you, but you resist.
The orc priest casts a cantrip, but nothing happens.
The orc hits you with a +0 hand axe.
The orc priest calls upon Beogh to heal the orc.
The orc's wounds heal themselves!
You are too injured to fight recklessly!
You are too injured to fight recklessly!
You are too injured to fight recklessly!
It was a potion of curing.
You feel better.
The orc priest calls down the wrath of Beogh upon you.
Beogh smites you! Something hits you.
As you read the scroll labelled ZOATAOTHYPH, it crumbles to dust.
It is a scroll of identify.
f - a potion of lignification The orc closely misses you.
Something barely misses you.
As you read the scroll labelled SUNWUG LEJA, it crumbles to dust.
You feel strangely unstable.
It was a scroll of teleportation.
The orc hits you with a +0 hand axe. Something completely misses you.
The orc priest invokes the aid of Beogh against you.
Beogh smites you!
You die...

.....?. .# #.#
...#.8. .....
.#..... .#.. #
...8.>. ...#.#
.#..... .#...##
...#.8.#oo....o
.......†.#
#.#.#.#o##
#......@#
####.#..#
#....# ####.#
#.#### #....#
####.# #.# #.#


You could see an orc priest and 2 orcs.

Vanquished Creatures
  A scorpion (D:4)
  3 adders
  A worm (D:2)
  3 dart slugs
  4 ball pythons
  4 endoplasms
  3 giant cockroaches (D:1)
  7 goblins
  4 hobgoblins
  3 jackals (D:1)
  3 quokkas
  3 bats
  5 frilled lizards
  3 kobolds
  2 rats
49 creatures vanquished.

Vanquished Creatures (others)
  2 plants (D:1)
2 creatures vanquished.

Grand Total: 51 creatures vanquished

Notes
Turn   | Place    | Note
-------+----------+-------------------------------------------
     0 | D:1      | gelatine the Demonspawn Hunter began the quest for the Orb.
     0 | D:1      | Reached XP level 1. HP: 16/16 MP: 1/1
   101 | D:1      | Reached skill level 1 in Stealth
   139 | D:1      | Gained mutation: Your movements are slightly less
                  | encumbered by armour. (ER -2) [demonic ancestry]
   139 | D:1      | Reached XP level 2. HP: 22/22 MP: 2/2
   211 | D:1      | Reached skill level 4 in Ranged Weapons
   553 | D:1      | Gained mutation: You have a pair of small horns on your
                  | head. [demonic ancestry]
   553 | D:1      | Reached XP level 3. HP: 27/27 MP: 3/3
  1148 | D:2      | Found a faded altar of an unknown god.
  1150 | D:2      | Noticed a floating eye
  1150 | D:2      | Noticed a floating eye
  1151 | D:2      | Noticed a shining eye
  1151 | D:2      | Noticed a shining eye
  1605 | D:3      | Reached XP level 4. HP: 34/34 MP: 4/4
  1624 | D:3      | Reached skill level 1 in Armour
  1984 | D:4      | Found Tipnial's Antique Weapon Shop.
  2087 | D:4      | Found a staircase to the Ecumenical Temple.
  2091 | D:4      | Noticed a scorpion
  2098 | D:4      | Killed a scorpion
  2099 | D:4      | Reached skill level 5 in Ranged Weapons
  2099 | D:4      | Gained mutation: You have a pair of horns on your head.
                  | [demonic ancestry]
  2099 | D:4      | Reached XP level 5. HP: 31/39 MP: 5/5
  2105 | D:4      | Killed from afar by an orc priest

Illustrated notes

Levels and vault maps discovered:
D:1:      lightli_arrival_noodles, layout_basic, serial_forest,
          infiniplex_forest_clump_tiny, infiniplex_forest_end_2,
          infiniplex_forest_clump_medium, infiniplex_forest_3_way,
          infiniplex_forest_zigzag_2, infiniplex_forest_clump_curved,
          infiniplex_forest_join, infiniplex_forest_lined_4_way,
          infiniplex_forest_lined_2, infiniplex_forest_lined_3_way
D:2:      layout_basic, hellmonk_ecumenical_altar_watching_god
D:3:      layout_loops_cross
D:4:      layout_loops_ring, grunt_temple_overflow_holy_war,
          minmay_temple_entry_sparse_star, serial_shops, nicolae_stop_n_shop_2

Skill      XL: |  1  2  3  4 |
---------------+-------------+-----
Stealth        | 1 |  1.5
Ranged Weapons | 4 5 |  5.0
Dodging        | 2 |  2.2
Armour         | 1 |  1.2
Fighting       | |  2.5

Action                   |  1- 3 |  4- 6 || total
-------------------------+-------+-------++-------
 Fire: Shortbow          |    93 |    30 ||   123
  Use: Scroll            |       |     2 ||     2
       Potion            |       |     1 ||     1
Armor: Ring mail         |     9 |     5 ||    14
Dodge: Dodged            |    22 |     7 ||    29

Table legend: (Time is in decaauts)
 A = Elapsed time spent in this place.
 B = Non-inter-level travel time spent in this place.
 C = Inter-level travel time spent in this place.
 D = Time resting spent in this place.
 E = Time spent auto-exploring this place.
 F = Levels seen in this place.
 G = Mean time per level.
                   A        B        C        D        E       F      G
               +--------+--------+--------+--------+--------+-----+--------+
         Total |   2149 |   2046 |    103 |      0 |   1757 |   4 |  537.2 |
       Dungeon |   2149 |   2046 |    103 |      0 |   1757 |   4 |  537.2 |
               +--------+--------+--------+--------+--------+-----+--------+

Top non-repeatable levels by time:
     D:1: 892 daAuts
     D:3: 631 daAuts
     D:2: 498 daAuts
     D:4: 126 daAuts
